 Dungeon Crawl Stone Soup version 0.15-a0-1909-gd9acbb9 (webtiles) character file.

3002 Kenran the Basher (level 9, -1/55 HPs)
             Began as a Gargoyle Fighter on July 6, 2014.
             Slain by an ogre
             ... wielding a +0 giant spiked club
              (3 damage)
             ... on Level 8 of the Dungeon.
             The game lasted 00:23:02 (7989 turns).

Kenran the Basher (Gargoyle Fighter)                Turns: 7989, Time: 00:23:02

HP  -1/55        AC 20     Str 20      XL: 9   Next: 84%
MP   9/9         EV  3     Int  9      God:
Gold 499         SH 10     Dex 21      Spells:  0 memorised,  8 levels left

rFire  + + .     SeeInvis .     m - +2 flail (crush)
rCold  . . .     Clarity  .     k - +0 plate armour
rNeg   + . .     rCorr    .     c - +0 shield
rPois  +         rRot     +     (no helmet)
rElec  +         Spirit   .     (no cloak)
SustAb .         Warding  .     J - +1 pair of gloves
rMut   .         Stasis   .     j - +0 pair of boots
Gourm  +                        I - amulet of the gourmand
MR     .....                    F - +5 ring of dexterity
                                s - ring of Truth {rPois rF++ Dex+4}

@: not resistant to hostile enchantments, extremely unstealthy
A: negative energy resistance 1, electricity resistance, unbreathing,
petrification resistance, rot immunity, AC +5
a: no special abilities


You were on level 8 of the Dungeon.
You were not hungry.

You visited 2 branches of the dungeon, and saw 9 of its levels.
You also visited: Ossuary.

You collected 499 gold pieces.

Inventory:

Hand weapons
 a - a cursed +1 flail
 m - a +2 flail of crushing (weapon)
 o - a +2 mace of holy wrath
Armour
 c - a +0 shield (worn)
 j - a +0 pair of boots (worn)
 k - a +0 plate armour (worn)
 J - a +1 pair of gloves (worn)
Magical devices
 b - a wand of polymorph (14) {unknown}
 l - a wand of flame (18) {unknown}
 r - a wand of frost (17) {unknown}
 C - a wand of lightning (11) {unknown}
Comestibles
 d - 4 bread rations
 n - 2 meat rations
 K - 5 fruits
 L - 2 chunks of hobgoblin flesh
Scrolls
 f - 6 scrolls of identify
 h - a scroll of fog
 i - 5 scrolls of teleportation
 A - 2 scrolls of remove curse
 D - a scroll of enchant weapon
 G - a scroll of vulnerability
 H - a scroll of blinking
Jewellery
 s - the ring of Truth (left hand) {rPois rF++ Dex+4}
   (You found it on level 4 of the Dungeon)

   [ring of poison resistance]

   It affects your dexterity (+4).
   It greatly protects you from fire.
   It protects you from poison.
 y - an uncursed ring of protection from cold
 F - a +5 ring of dexterity (right hand)
 I - an amulet of the gourmand (around neck)
Potions
 e - a potion of might
 g - 5 potions of haste
 p - 2 potions of restore abilities
 q - a potion of lignification {unknown}
 t - a potion of heal wounds {unknown}
 v - 2 potions of paralysis {unknown}
 w - 2 potions of curing
 x - a potion of agility
 z - a potion of degeneration {unknown}
 B - a potion of berserk rage {unknown}
 E - a potion of magic {unknown}
Books
 u - a book of Necromancy

   Spells                             Type                      Level
   Pain                               Necromancy                   1
   Animate Skeleton                   Necromancy                   1
   Vampiric Draining                  Necromancy                   3
   Regeneration                       Charms/Necromancy            3
   Animate Dead                       Necromancy                   4
   Control Undead                     Necromancy                   4


   Skills:
 * Level 6.0 Fighting
 + Level 12.3 Maces & Flails
 - Level 3.2 Armour
 - Level 3.2 Shields


You had 8 spell levels left.
You didn't know any spells.

Dungeon Overview and Level Annotations

Branches:
Dungeon (8/15)             Temple (1/1) D:7
   Lair: D:8-11

Altars:
Ashenzari
Cheibriados
Dithmenos
Elyvilon
Fedhas
Gozag
Kikubaaqudgha
Nemelex Xobeh
Okawaru
Qazlal
Trog
Vehumet
Xom
Yredelemnul
Zin
The Shining One


Innate Abilities, Weirdness & Mutations

You are resistant to torment.
You are immune to poison.
Your stone body is very resilient (AC +5).
You resist negative energy.
You are resistant to electric shocks.
You can survive without breathing.
You are immune to petrification.
You are immune to rotting.


Message History

You hit the ogre.
The ogre is moderately wounded.
The ogre hits you with a giant spiked club!
The hill giant zombie hits you.
Your shield and plate armour prevent you from hitting the ogre.
The ogre is moderately wounded.
You block the ogre's attack.
The hill giant zombie hits you but does no damage.
Your plate armour prevents you from hitting the ogre.
The ogre is moderately wounded.
You hit the ogre.
The ogre is heavily wounded.
The ogre hits you with a giant spiked club!
The hill giant zombie hits you but does no damage.
You sock the ogre!
The ogre is severely wounded.
The hill giant zombie hits you!
* * * LOW HITPOINT WARNING * * *
The ogre hits you with a giant spiked club.
You die...

...........#..# #..# #.....#
.........# #..## #..# ....##
........## #...## #..##
.....# .........#
#....####...###.....
....##...# #.....##..........
.........# #.................
#.......####.................
........###....O.............
.........#.....Z@............
..............#........##...
.............###...##### ###
...####.....###...##
...........####..##
#..........).....#
######.........## ####......#
#......##


You could see an ogre and a hill giant zombie.

Vanquished Creatures
  A hydra zombie (D:8)
  An orc warrior (D:7)
  A sky beast (D:8)
  A black bear (D:7)
  3 ogres
  Duvessa (D:5)
  A big kobold (D:6)
  2 giant frogs
  11 scorpions
  A troll zombie (D:7)
  3 crimson imps
  A giant frog zombie (D:8)
  2 goliath beetles (D:6)
  Dowan (D:5)
  6 centaur zombies (Ossuary)
  2 human zombies (Ossuary)
  An orc priest (D:7)
  A black bear zombie (D:6)
  3 hounds
  2 iguanas
  Natasha (D:3)
  4 orc wizards
  A worker ant (D:5)
  Ijyb (D:4)
  4 mummies
  7 gnolls
  3 green rats (D:3)
  5 scorpion zombies
  A worker ant zombie (D:7)
  A shadow imp (D:8)
  13 adders
  A giant mite (D:3)
  A white imp (D:4)
  3 worms
  An adder skeleton (D:7)
  6 giant geckos
  An ooze (D:1)
  22 orcs
  11 bats
  A bat zombie (D:6)
  5 giant cockroaches
  8 goblins
  12 hobgoblins
  4 jackals
  6 quokkas
  9 giant newts
  A gnoll zombie (Ossuary)
  6 hobgoblin zombies
  34 kobolds
  4 kobold zombies
  2 orc zombies (Ossuary)
  15 rats
  3 plants (D:6)
242 creatures vanquished.

Notes
Turn   | Place    | Note
--------------------------------------------------------------
     0 | D:1      | Kenran, the Gargoyle Fighter, began the quest for the Orb.
     0 | D:1      | Reached XP level 1. HP: 14/14 MP: 1/1
   113 | D:1      | Reached XP level 2. HP: 13/19 MP: 2/2
   676 | D:2      | Reached XP level 3. HP: 14/23 MP: 3/3
  1317 | D:2      | Reached skill level 4 in Maces & Flails
  1706 | D:3      | Reached XP level 4. HP: 7/28 MP: 4/4
  2305 | D:3      | Reached skill level 5 in Maces & Flails
  2310 | D:3      | Reached XP level 5. HP: 25/32 MP: 5/5
  2558 | D:3      | Found a glowing golden altar of the Shining One.
  2812 | D:4      | Noticed Ijyb
  2819 | D:3      | Reached skill level 6 in Maces & Flails
  2821 | D:3      | Reached XP level 6. HP: 37/37 MP: 6/6
  2903 | D:4      | Noticed Natasha
  2995 | D:3      | Killed Natasha
  2995 | D:3      | Reached skill level 7 in Maces & Flails
  3088 | D:4      | Killed Ijyb
  3171 | D:4      | Reached XP level 7. HP: 41/41 MP: 7/7
  3232 | D:4      | Got a slimy iron ring
  3233 | D:4      | Identified the ring of Truth {rPois rF++ Dex+4} (You found it on level 4 of the Dungeon)
  3300 | D:4      | Noticed an ogre
  3307 | D:4      | Killed an ogre
  3553 | D:4      | Reached skill level 8 in Maces & Flails
  3715 | D:4      | Found a shadowy altar of Dithmenos.
  3791 | D:5      | Entered Level 5 of the Dungeon
  3791 | D:5      | Found an opulent altar of Gozag.
  3975 | D:5      | Noticed Duvessa
  3975 | D:5      | Noticed Dowan
  4012 | D:5      | Killed Dowan
  4038 | D:5      | Killed Duvessa
  4282 | D:5      | Found a basalt altar of Yredelemnul.
  4311 | D:5      | Found a sand-covered staircase.
  4319 | Ossuary  | Entered an ossuary
  4344 | Ossuary  | Reached skill level 9 in Maces & Flails
  4344 | Ossuary  | Reached XP level 8. HP: 42/46 MP: 8/8
  4485 | Ossuary  | Reached skill level 10 in Maces & Flails
  5001 | D:5      | Reached skill level 11 in Maces & Flails
  5170 | D:6      | Reached XP level 9. HP: 51/51 MP: 9/9
  5200 | D:6      | Found a sparkling altar of Nemelex Xobeh.
  6664 | D:7      | Found a staircase to the Ecumenical Temple.
  6680 | Temple   | Entered the Ecumenical Temple
  6869 | D:7      | Reached skill level 12 in Maces & Flails
  7478 | D:8      | Reached skill level 5 in Fighting
  7989 | D:8      | HP: 2/55 [hill giant zombie (15)]
  7989 | D:8      | Slain by an ogre

Action                   |  1- 3 |  4- 6 |  7- 9 || total
-------------------------+-------+-------+-------++-------
Melee: Flail             |   163 |   111 |   604 ||   878
       Mace              |       |   101 |       ||   101
  Use: Scroll            |     3 |     3 |     9 ||    15
       Potion            |       |     1 |     2 ||     3
  Eat: Chunk             |     1 |     7 |     9 ||    17
       Pizza             |       |       |     2 ||     2
       Fruit             |       |       |     3 ||     3
       Beef jerky        |       |       |     1 ||     1
